 Dungeon Crawl Stone Soup version 0.24.0-1-gfbc8707 (webtiles) character file.

Game seed: 5641300967127873274, levelgen mode: deterministic

447 BoppinsLewinski the Ruffian (level 7, -3/56 HPs)
             Began as a Ghoul Conjurer on Nov 7, 2019.
             Was an Initiate of Makhleb.
             Slain by an adder (4 damage)
             ... on level 4 of the Dungeon.
             The game lasted 00:11:03 (3413 turns).

BoppinsLewinski the Ruffian (Ghoul Conjurer)        Turns: 3413, Time: 00:11:03

Health: -3/56      AC:  9    Str: 14    XL:     7   Next: 3%
Magic:  8/8        EV: 10    Int: 10    God:    Makhleb [......]
Gold:   179        SH:  0    Dex:  9    Spells: 8/9 levels left

rFire    . . .     SeeInvis .     - Unarmed
rCold    + . .     Gourm    .   (no shield)
rNeg     + + +     Faith    .   d - +0 scale mail
rPois    ∞         Spirit   .   (no helmet)
rElec    .         Reflect  .   (no cloak)
rCorr    .         Harm     .   e - +2 pair of gloves {archery}
MR       .....                  (no boots)
Stlth    ..........             (no amulet)
HPRegen  0.00/turn              (no ring)
MPRegen  0.11/turn              (no ring)

@: rotting
A: rotting body, claws 1, carnivore, cold resistance 1, negative energy
resistance 3, inhibited regeneration, torment resistance, unbreathing
a: Renounce Religion


You were on level 4 of the Dungeon.
You worshipped Makhleb.
Makhleb was noncommittal.
You were not hungry.

You visited 1 branch of the dungeon, and saw 4 of its levels.

You collected 179 gold pieces.

Inventory:

Armour
 d - a +0 scale mail (worn)
 e - a +2 pair of gloves of archery (worn)
 k - a +0 chain mail
Jewellery
 f - a cursed amulet of inaccuracy {unknown}
 i - an uncursed amulet of rage {unknown}
Scrolls
 a - a scroll of noise {unknown}
 g - a scroll of random uselessness {unknown}
 h - 4 scrolls of remove curse
 l - a scroll of amnesia {unknown}
 p - 2 scrolls of enchant armour {unknown}
 r - a scroll of identify {unknown}
Potions
 b - a potion of mutation
Comestibles
 c - 7 rations
 j - a chunk of flesh


   Skills:
 + Level 2.9 Fighting
 + Level 2.3 Armour
 + Level 3.2 Dodging
 - Level 2.1 Stealth
 * Level 4.4 Unarmed Combat
 - Level 1.7 Spellcasting
 - Level 3.2 Conjurations
 + Level 2.1 Invocations


You had 8 spell levels left.
You knew the following spells:

 Your Spells              Type           Power        Failure   Level  Hunger
a - Magic Dart            Conj           #...         34%         1    ##.....

Your spell library contained the following spells:

 Spells                   Type           Power        Failure   Level  Hunger
 Searing Ray              Conj           #.....       47%         2    ###....
 Corona                   Hex            #......      80%         1    ##.....
 Ensorcelled Hibernation  Hex/Ice        #.....       90%         2    ###....
 Dazzling Spray           Conj/Hex       #.....       91%         3    ####...
 Iskenderun's Mystic Bla  Conj           #.......     98%         4    #####..
 Confuse                  Hex            #.......     99%         3    ####...
 Tukima's Dance           Hex            #.......     99%         3    ####...
 Force Lance              Conj/Tloc      #.......     100%        4    #####..
 Fulminant Prism          Conj/Hex       #.........   100%        4    #####..


Dungeon Overview and Level Annotations

Branches:
Dungeon (4/15)
 Temple: D:4-7

Altars:
Makhleb
Ru


Innate Abilities, Weirdness & Mutations

Your body is rotting away.
You thrive on raw meat.
You are immune to poison.
You have sharp fingernails.
You are carnivorous and can eat meat at any time.
Your flesh is cold resistant. (rC+)
You are immune to negative energy. (rN+++)
You do not regenerate when monsters are visible.
You are immune to unholy pain and torment.
You can survive without breathing.


Message History

Unknown command.
You closely miss the adder. The adder bites you but does no damage.
Unknown command.
You closely miss the adder. The adder bites you but does no damage.
Unknown command.
You miss the adder. The adder bites you but does no damage.
Unknown command.
Your scale mail prevents you from hitting the adder.
The adder bites you but does no damage.
Unknown command.
You miss the adder. The adder barely misses you.
The adder bites you but does no damage.
Unknown command.
You miss the adder. The adder bites you.
* * * LOW HITPOINT WARNING * * *
Unknown command.
You hit the adder but do no damage. The adder barely misses you.
Unknown command.
The adder bites you.
You die...

.#....##....##.## #.......#
.#.##...........## #.......#
...##..#....#.#..# #.......#
.^....##....#....#####.....##
...........................##
...#..###...................#
.#......##.....#..###.......#
............##.S..###.......#
..##..###....###@..........##
.####..............##.#...##
. #####..##.##.#.(.(#####
##.....#.#.#..÷..##
#####.....##.##..#
#............#.#
#.........##...#
####.........###...#
.....(............##


You could see an adder.

Vanquished Creatures
  Sigmund (D:4)
  An ogre (D:4)
  A hound (D:3)
  An iguana (D:4)
  5 adders
  3 oozes
  3 worms
  5 dart slugs
  3 leopard geckos
  An orc (D:3)
  2 giant cockroaches
  7 hobgoblins
  7 jackals
  A quokka (D:3)
  4 bats
  2 frilled lizards
  7 goblins
  9 kobolds
  6 rats
69 creatures vanquished.

Notes
Turn   | Place    | Note
-------+----------+-------------------------------------------
     0 | D:1      | BoppinsLewinski the Ghoul Conjurer began the quest for the
                  | Orb.
     0 | D:1      | Reached XP level 1. HP: 14/14 MP: 2/2
   491 | D:1      | Reached XP level 2. HP: 22/22 MP: 3/3
   495 | D:1      | Reached skill level 1 in Unarmed Combat
   797 | D:1      | Reached skill level 1 in Fighting
   971 | D:1      | Reached XP level 3. HP: 28/28 MP: 4/4
  1126 | D:2      | Reached skill level 1 in Armour
  1126 | D:2      | Reached skill level 2 in Unarmed Combat
  1357 | D:2      | Reached XP level 4. HP: 27/35 MP: 5/5
  2051 | D:3      | Found a burning altar of Makhleb.
  2095 | D:3      | Became a worshipper of Makhleb the Destroyer
  2285 | D:3      | Reached XP level 5. HP: 18/41 MP: 6/6
  2720 | D:3      | Reached skill level 3 in Unarmed Combat
  2901 | D:3      | Found a sacrificial altar of Ru.
  3265 | D:4      | Reached skill level 1 in Invocations
  3327 | D:4      | Noticed Sigmund
  3345 | D:4      | Noticed an ogre
  3363 | D:4      | Killed Sigmund
  3363 | D:4      | Reached skill level 4 in Unarmed Combat
  3363 | D:4      | Reached XP level 6. HP: 24/50 MP: 7/7
  3378 | D:4      | Reached XP level 7. HP: 10/56 MP: 8/8
  3410 | D:4      | HP: 1/56 [adder (2)]
  3413 | D:4      | Slain by an adder

Levels and vault maps discovered:
D:1:      minmay_arrival_solitary_statue, layout_basic, minmay_liquid_box,
          minmay_close_crescents
D:2:      layout_basic, serial_glass, glass_columns_b, glass_columns_b,
          item_on_display_a, item_on_display_a
D:3:      layout_basic, lemuel_doored_altar, bloody_makhleb, first_ration
D:4:      layout_rooms, lemuel_round_altar, uniq_sigmund, uniq_robin

Skill      XL: |  1  2  3  4  5  6 |
---------------+-------------------+-----
Unarmed Combat | 1 2 4 |  4.4
Dodging        | 2 3 |  3.2
Fighting       | 1 2 |  2.9
Armour         | 1 2 |  2.3
Invocations    | 1 2 |  2.1
Stealth        | |  2.1
Spellcasting   | |  1.7
Conjurations   | |  3.2

Action                   |  1- 3 |  4- 6 |  7- 9 || total
-------------------------+-------+-------+-------++-------
Melee: Unarmed           |   123 |   250 |    15 ||   388
       Punch             |       |     2 |       ||     2
  Use: Potion            |       |     6 |       ||     6
       Scroll            |       |     2 |     1 ||     3
  Eat: Chunk             |    11 |    24 |       ||    35
Armor: Scale mail        |    40 |    81 |    10 ||   131
Dodge: Dodged            |    59 |   103 |     4 ||   166
